 Dungeon Crawl Stone Soup version 0.21-a0-404-g291f19a (webtiles) character file.

10976 BigZZ40 the Bludgeoner (level 11, -2/57 HPs)
             Began as a Gargoyle Gladiator on Oct 31, 2017.
             Was an Elder of Nemelex Xobeh.
             Hit by a large rock thrown by a cyclops (20 damage)
             ... on level 13 of the Dungeon.
             The game lasted 01:11:01 (9899 turns).

BigZZ40 the Bludgeoner (Gargoyle Gladiator)         Turns: 9899, Time: 01:11:04

Health: -2/57      AC: 26    Str: 21    XL:     11   Next: 70%
Magic:  11/11      EV:  9    Int: 10    God:    Nemelex Xobeh [****..]
Gold:   674        SH:  0    Dex: 12    Spells: 10/10 levels left

rFire    . . .     SeeInvis .   b - +2 flail (drain)
rCold    + + .     Gourm    .   (no shield)
rNeg     + + .     Faith    .   C - +0 plate armour
rPois    ∞         Spirit   .   c - +1 helmet
rElec    +         Reflect  .   y - scarf {rC+ rF+}
rCorr    .         Harm     .   t - +0 pair of gloves
MR       .....                  (no boots)
Stlth    ..........             (no amulet)
HPRegen  0.19/turn              u - ring of ice
MPRegen  0.12/turn              q - ring of positive energy

@: no status effects
A: icy blue scales 1, clever 1, deterioration 1, negative energy resistance 1,
electricity resistance, wild magic 1, unbreathing, petrification resistance, rot
immunity, AC +8
a: Triple Draw, Deal Four, Renounce Religion


You were on level 13 of the Dungeon.
You worshipped Nemelex Xobeh.
Nemelex Xobeh was greatly pleased with you.
You were not hungry.

You visited 1 branch of the dungeon, and saw 11 of its levels.

You collected 674 gold pieces.

Inventory:

Hand Weapons
 b - a +2 flail of draining (weapon)
 m - a +0 hunting sling of velocity
 r - a +0 great mace
 v - a +2 mace of holy wrath
 E - a +1 mace of venom
Missiles
 e - 249 stones (quivered)
 x - 10 tomahawks
Armour
 c - a +1 helmet (worn)
 t - a +0 pair of gloves (worn)
 y - a scarf of resistance (worn)
 C - a +0 plate armour (worn)
Jewellery
 j - a -2 ring of strength
 q - a ring of positive energy (right hand)
 u - a ring of ice (left hand)
Wands
 d - a wand of flame (18/48)
 n - a wand of polymorph (12/24)
 s - a wand of acid (3/15)
Scrolls
 l - 3 scrolls of teleportation
 o - 3 scrolls of recharging
 p - a scroll of fear
 B - 2 scrolls of fog
Potions
 g - a potion of brilliance
 h - 4 potions of magic
 i - 6 potions of curing
 w - 2 potions of lignification
 D - a potion of agility
 F - a potion of haste
 L - a potion of flight {unknown}
Miscellaneous
 a - a plain deck of escape {drawn: 1}
 G - an ornate deck of destruction
 H - an ornate deck of destruction {drawn: 5}
 J - a plain deck of destruction
 K - a plain deck of summoning {drawn: 12}
Comestibles
 f - 2 bread rations
 z - 9 royal jellies
 A - 4 fruits
 I - 2 meat rations
 M - 3 chunks of flesh


   Skills:
 - Level 2.1 Fighting
 + Level 15.2 Maces & Flails
 - Level 1.7 Throwing
 + Level 6.9 Armour
 + Level 5.9 Dodging


You had 10 spell levels left.
You didn't know any spells.

Dungeon Overview and Level Annotations

Branches:
Dungeon (10/15)            Temple (0/1) D:4
   Lair: D:8-11         Orc: D:9-12

Altars:
Ashenzari
Dithmenos
Hepliaklqana
Nemelex Xobeh
Okawaru
Ru
Sif Muna
Trog
Vehumet
Xom
Yredelemnul

Shops:
D:13 =

Annotations:
D:3 Not Knowing what down here


Innate Abilities, Weirdness & Mutations

You are resistant to torment.
Your stone body is resilient. (AC +8)
You are immune to poison.
You resist negative energy. (rN+)
You are resistant to electric shocks. (rElec)
You can survive without breathing.
You are immune to petrification.
You are immune to rotting.
You are partially covered in icy blue scales. (AC +2)
Your mind is acute. (Int +2)
Your body sometimes deteriorates upon taking damage.
Your spells are a little harder to cast, but a little more powerful.


Message History

Aim: a cyclops You throw a stone.
The stone barely misses the cyclops.
The orc hits your orange demon with a whip.
The orc wizard gestures at you while chanting.
Your orange demon resists with almost no effort.
Your orange demon stings the orc wizard.
The orc wizard looks as sick as possible!
Your orange demon poisons the orc wizard!
Your orange demon closely misses the orc wizard.
The cyclops throws a large rock.
The large rock completely misses you.
Throwing (i - inventory. (,) - cycle):
e - 250 stones (quivered)
Press: ? - help, Shift-Dir - straight line, f - orc wizard, p - cyclops
Aim: an orc wizard, wielding a dagger and wearing a robe (almost dead, poisoned)
You throw a stone.
The stone closely misses the orc wizard.
The orc wizard dies!
The orc hits your orange demon but does no damage.
The cyclops throws a large rock.
The large rock hits you!!
You die...
Your body glows with a rainbow of weird colours and disappears.

..o..........############
....$........(.......4.O.
..#......##............##
.....C.(.....))..........
...(....(#####()###.####.
..#..[...(...)())##.# .
#.##..†.#####((##.###....
.......))## #†))(...(.c..
........4h@#
##§†....Ey(##
........o#.# #.(.(.....#
........#(# ##.((.....#
........#.# ......T.<#
.......... ...?..§.....
.......... .##..........
............. #.........#
..... .......


You could see a cyclops, an orc, a friendly orange demon, a friendly hell hound
and a friendly hand axe of the Pariah {freeze, +Inv MP+9 Str+4 Int-5}.

Vanquished Creatures
  A hydra (D:9)
  A two-headed ogre (D:8)
  Joseph (D:7)
  A queen bee (D:8)
  A hippogriff (D:7)
  5 yaks
  Edmund (D:4)
  An acid dragon (D:13)
  Duvessa (D:4)
  An orc warrior (D:13)
  2 ice beasts
  2 sky beasts
  A phantom (D:7)
  2 eyes of draining
  2 ogres
  7 centaurs
  2 bullfrogs
  A wyvern skeleton (D:9)
  Dowan (D:4)
  3 scorpions
  A wight (D:7)
  6 killer bees (D:8)
  A howler monkey (D:4)
  A centaur zombie (D:5)
  2 crimson imps
  8 hounds
  6 orc priests
  Crazy Yiuf (D:3)
  3 bullfrog skeletons
  3 orc wizards
  2 centaur skeletons
  3 iguanas
  5 worker ants
  A worker ant zombie (D:8)
  8 gnolls
  2 howler monkey skeletons
  11 adders
  A shadow imp (D:6)
  2 oozes
  An adder zombie (D:7)
  2 adder skeletons (D:5)
  3 worms
  3 dart slugs
  5 leopard geckos
  11 orcs
  3 ball pythons
  4 giant cockroaches
  8 goblins
  9 hobgoblins
  13 jackals
  14 kobolds
  4 quokkas
  A ball python skeleton (D:5)
  9 bats
  A jackal skeleton (D:4)
  5 rats
  A spectral orc (D:3)
201 creatures vanquished.

Vanquished Creatures (collateral kills)
  Nessos (D:13)
  Snorg (D:10)
  A two-headed ogre (D:10)
  A centaur warrior (D:13)
  A cyclops (D:13)
  A centaur skeleton (D:13)
  A troll (D:13)
  A meliai zombie (D:13)
  10 yaks
  A vampire (D:13)
  An orc warrior (D:7)
  2 eyes of draining (D:5)
  6 centaurs
  A bullfrog (D:7)
  A wyvern zombie (D:8)
  7 killer bees (D:8)
  4 wights (D:7)
  2 crimson imps (D:5)
  A bullfrog zombie (D:8)
  3 hounds
  2 jellies
  2 orc wizards
  An orc priest (D:9)
  2 worker ants
  6 adders
  3 gnolls (D:6)
  A shadow imp (D:7)
  13 orcs
  A ball python (D:7)
  A goblin (D:5)
  6 jackals (D:7)
  A quokka (D:6)
86 creatures vanquished.

Vanquished Creatures (others)
  An orc warrior (D:9)
  2 orcs (D:9)
3 creatures vanquished.

Grand Total: 290 creatures vanquished

Notes
Turn   | Place    | Note
-------+----------+-------------------------------------------
     0 | D:1      | BigZZ40 the Gargoyle Gladiator began the quest for the Orb.
     0 | D:1      | Reached XP level 1. HP: 12/12 MP: 1/1
    60 | D:1      | Reached XP level 2. HP: 13/17 MP: 2/2
   350 | D:1      | Reached skill level 4 in Maces & Flails
   543 | D:1      | Reached XP level 3. HP: 21/21 MP: 3/3
  1327 | D:2      | Reached XP level 4. HP: 26/26 MP: 4/4
  1341 | D:2      | Reached skill level 5 in Maces & Flails
  1662 | D:2      | Reached XP level 5. HP: 28/30 MP: 5/5
  1742 | D:2      | Gained mutation: Your mind is acute. (Int +2) [potion of mutation]
  1742 | D:2      | Gained mutation: Your body sometimes deteriorates upon taking damage. [potion of mutation]
  1742 | D:2      | Gained mutation: You are partially covered in icy blue scales. (AC +2) [potion of mutation]
  1742 | D:2      | Gained mutation: Your spells are a little harder to cast, but a little more powerful. [potion of mutation]
  2078 | D:3      | Found a runed door.
  2082 | D:3      | Noticed Crazy Yiuf
  2092 | D:3      | Killed Crazy Yiuf
  2092 | D:3      | Reached skill level 6 in Maces & Flails
  2194 | D:3      | Found a sacrificial altar of Ru.
  2335 | D:3      | Found a sparkling altar of Nemelex Xobeh.
  2474 | D:3      | Found a basalt altar of Yredelemnul.
  2707 | D:3      | Reached XP level 6. HP: 27/35 MP: 6/6
  2745 | D:3      | Found a deep blue altar of Sif Muna.
  2748 | D:3      | Found a radiant altar of Vehumet.
  2749 | D:3      | Found a shadowy altar of Dithmenos.
  3179 | D:3      | Became a worshipper of Nemelex Xobeh the Trickster
  3235 | D:4      | Noticed Edmund
  3248 | D:4      | Killed Edmund
  3248 | D:4      | Reached skill level 7 in Maces & Flails
  3300 | D:4      | Reached XP level 7. HP: 38/40 MP: 7/7
  3325 | D:4      | HP: 2/40 [orc priest/divine providence (12)]
  3332 | D:4      | Reached skill level 8 in Maces & Flails
  3684 | D:4      | Received a gift from Nemelex Xobeh
  3758 | D:4      | Found a staircase to the Ecumenical Temple.
  3920 | D:4      | Received a gift from Nemelex Xobeh
  3935 | D:4      | Noticed Duvessa
  3935 | D:4      | Noticed Dowan
  3977 | D:4      | Reached * piety under Nemelex Xobeh
  4109 | D:4      | Found an iron altar of Okawaru.
  4517 | D:4      | Killed Dowan
  4536 | D:4      | Killed Duvessa
  4536 | D:4      | Reached skill level 9 in Maces & Flails
  4707 | D:4      | Reached XP level 8. HP: 39/44 MP: 8/8
  4747 | D:5      | Entered Level 5 of the Dungeon
  4747 | D:5      | Found a hazy altar of Hepliaklqana.
  4815 | D:5      | Received a gift from Nemelex Xobeh
  4857 | D:5      | Reached skill level 10 in Maces & Flails
  5109 | D:5      | Found a bloodstained altar of Trog.
  5120 | D:5      | Reached skill level 11 in Maces & Flails
  5212 | D:5      | Found a shattered altar of Ashenzari.
  5413 | D:6      | Reached ** piety under Nemelex Xobeh
  5500 | D:6      | Received a gift from Nemelex Xobeh
  5623 | D:6      | Reached XP level 9. HP: 48/48 MP: 9/9
  5749 | D:6      | Received a gift from Nemelex Xobeh
  5753 | D:6      | Noticed an ice devil
  6112 | D:7      | Reached skill level 12 in Maces & Flails
  6207 | D:7      | Received a gift from Nemelex Xobeh
  6244 | D:7      | Noticed Joseph
  6257 | D:7      | Paralysed by Joseph for 3 turns
  6263 | D:7      | Paralysed by Joseph for 2 turns
  6271 | D:7      | Killed Joseph
  6348 | D:7      | Reached skill level 13 in Maces & Flails
  6538 | D:7      | Reached *** piety under Nemelex Xobeh
  6753 | D:8      | Noticed a two-headed ogre
  6760 | D:8      | Killed a two-headed ogre
  6760 | D:8      | Reached XP level 10. HP: 51/53 MP: 10/10
  6902 | D:8      | Reached skill level 14 in Maces & Flails
  7028 | D:8      | Reached skill level 1 in Armour
  7359 | D:8      | Received a gift from Nemelex Xobeh
  7553 | D:8      | Found a hazy altar of Hepliaklqana.
  7554 | D:8      | Found a shimmering altar of Xom.
  7555 | D:8      | Noticed a spectral ugly thing
  7918 | D:9      | Noticed an eight-headed hydra
  7929 | D:9      | Killed an eight-headed hydra
  8372 | D:9      | Received a gift from Nemelex Xobeh
  8977 | D:10     | Entered Level 10 of the Dungeon
  8996 | D:10     | Received a gift from Nemelex Xobeh
  9024 | D:10     | Noticed a two-headed ogre
  9030 | D:10     | Killed a two-headed ogre
  9087 | D:10     | Reached **** piety under Nemelex Xobeh
  9132 | D:10     | Reached XP level 11. HP: 57/57 MP: 11/11
  9225 | D:10     | Reached skill level 5 in Armour
  9402 | D:10     | Received a gift from Nemelex Xobeh
  9422 | D:10     | Noticed Snorg
  9431 | D:10     | Killed Snorg
  9431 | D:10     | Reached skill level 5 in Dodging
  9739 | D:10     | You fall through a shaft for 3 floors!
  9770 | D:13     | Noticed a centaur warrior
  9785 | D:13     | Killed a centaur warrior
  9785 | D:13     | Reached skill level 15 in Maces & Flails
  9803 | D:13     | Noticed a cyclops
  9816 | D:13     | Killed a cyclops
  9824 | D:13     | Noticed Nessos
  9841 | D:13     | Killed Nessos
  9847 | D:13     | Found Woyn's Jewellery Emporium.
  9895 | D:13     | Noticed a cyclops
  9899 | D:13     | Hit by a large rock thrown by a cyclops

Vault maps used:
D:1:      scummos_arrival_forest
D:3:      yredelemnul_forgotten_temple_becter, nicolae_ru_the_path_less_chosen,
          grunt_temple_overflow_open, nemelex_dance_club_becter,
          uniq_crazy_yiuf_cottage
D:4:      minmay_temple_entry_from_below_a, kennysheep_okawaru_gauntlet,
          uniq_duvessa, uniq_edmund
D:5:      nicolae_ashenzari_panopticon, trog_eyes_of_draining, first_bread,
          basic_altar
D:7:      hex_intersection, uniq_joseph
D:8:      regret_index_temple_of_mockery, david_nohive_1, grunt_ministairs_13
D:9:      wad_floor_pattern_untrapped
D:10:     uniq_snorg
D:13:     basic_altar, serial_shops, shop, uniq_nessos, uniq_azrael

Skill      XL: |  1  2  3  4  5  6  7  8  9 10 11 |
---------------+----------------------------------+-----
Maces & Flails | 4 5 6 7 9 11 13 14 15 | 15.2
Armour         | 4 6 |  6.9
Dodging        | 4 5 |  5.9
Fighting       | |  2.1
Throwing       | |  1.7

Action                   |  1- 3 |  4- 6 |  7- 9 | 10-12 || total
-------------------------+-------+-------+-------+-------++-------
Melee: Flail             |    97 |   156 |   250 |   312 ||   815
       Battleaxe         |       |       |     6 |       ||     6
Throw: Throwing net      |     6 |       |       |     1 ||     7
       Stone             |    63 |    17 |    49 |    14 ||   143
Invok: Triple Draw       |       |       |       |     1 ||     1
Evoke: Deck              |       |       |    25 |    38 ||    63
       Phantom mirror    |       |       |       |     1 ||     1
  Use: Scroll            |     7 |     3 |     9 |     5 ||    24
       Potion            |     1 |     6 |     9 |       ||    16
 Stab: Invisible         |       |     1 |       |       ||     1
       Confused          |       |       |     1 |       ||     1
       Distracted        |       |       |     1 |       ||     1
       Held in net/web   |       |       |       |     1 ||     1
       Petrified         |       |       |       |     6 ||     6
  Eat: Chunk             |     1 |     6 |     7 |     3 ||    17
       Royal jelly       |       |     1 |       |       ||     1
       Meat ration       |       |       |     1 |       ||     1
       Bread ration      |       |       |       |     1 ||     1
Armor: Leather armour    |    21 |       |       |       ||    21
       Chain mail        |    45 |   105 |   170 |       ||   320
       Plate armour      |       |       |     4 |   236 ||   240
Dodge: Dodged            |    65 |    81 |   120 |   117 ||   383

Table legend:
 A = Spawn XP
 B = Non-spawn XP
 C = Spawn XP percentage of total XP
 D = Spawn monster count
 E = Non-spawn monster count
 F = Spawn count percentage of total count
 G = Total turns spent on level
                    A         B        C        D         E        F      G
               +---------+---------+-------+---------+---------+-------+---------
         Total |       0 |   15680 |   0.0 |       0 |     290 |   0.0 |  9899
               +---------+---------+-------+---------+---------+-------+---------
           D:1 |       0 |      40 |   0.0 |       0 |      21 |   0.0 |   794
           D:2 |       0 |     156 |   0.0 |       0 |      33 |   0.0 |  1002
           D:3 |       0 |     143 |   0.0 |       0 |      21 |   0.0 |  1428
           D:4 |       0 |     882 |   0.0 |       0 |      31 |   0.0 |  1523
           D:5 |       0 |    1049 |   0.0 |       0 |      22 |   0.0 |   653
           D:6 |       0 |     227 |   0.0 |       0 |      12 |   0.0 |   689
           D:7 |       0 |    1564 |   0.0 |       0 |      43 |   0.0 |   664
           D:8 |       0 |    2800 |   0.0 |       0 |      38 |   0.0 |  1165
           D:9 |       0 |    1605 |   0.0 |       0 |      16 |   0.0 |  1059
          D:10 |       0 |    3172 |   0.0 |       0 |      22 |   0.0 |   762
          D:13 |       0 |    4042 |   0.0 |       0 |      31 |   0.0 |   160
               +---------+---------+-------+---------+---------+-------+---------
